 Dungeon Crawl Stone Soup version 0.24-a0-342-gad4687c37d (webtiles) character file.

Game seed: 9141485623856826688

18757 petercordiaNaga the Covert (level 12, -9/172 HPs)
             Began as a Naga Wanderer on May 18, 2019.
             Was a Plaything of Xom.
             Killed by divine providence
             ... invoked by a meliai
              (10 damage)
             ... on level 13 of the Dungeon on May 21, 2019.
             The game lasted 01:26:42 (17391 turns).

petercordiaNaga the Covert (Naga Wanderer)         Turns: 17391, Time: 01:26:45

Health: -9/172     AC: 29    Str: 21    XL:     12   Next: 61%
Magic:  15/15      EV:  8    Int: 13    God:    Xom [...*..]
Gold:   410        SH: 10    Dex: 14    Spells: 12/15 levels left

rFire    . . .     SeeInvis +   q - +2 trident (vamp)
rCold    . . .     Gourm    +   b - +0 shield
rNeg     + . .     Faith    .   d - +2 scale mail
rPois    +         Spirit   .   v - +2 helmet
rElec    +         Reflect  .   T - +0 cloak
rCorr    +         Harm     .   R - +2 pair of gloves
MR       +....                  t - +4 naga barding
Stlth    ..........             p - amulet of the gourmand
HPRegen  0.38/turn              G - ring of resist corrosion
MPRegen  0.14/turn              g - ring of positive energy

@: berserking (expiring), lethally poisoned (-9 -> -21), drained, quick
A: large, yellow scales 1, see invisible, clever 1, deformed body, poison
resistance, electricity resistance, slowness 2, slow metabolism 1, spit poison
1, weak 1, AC +4
a: Spit Poison, Renounce Religion


You were on level 13 of the Dungeon.
You worshipped Xom.
You were a favourite toy of Xom.
You were completely stuffed.

You visited 2 branches of the dungeon, and saw 14 of its levels.

You collected 918 gold pieces.
You spent 508 gold pieces at shops.

Inventory:

Hand Weapons
 i - a +2 short sword of draining
 q - a +2 vampiric trident (weapon)
 C - a +1 vampiric war axe
 N - a +0 trident of venom
 P - a +0 dagger of venom
 V - the +1 falchion of Wuiqoadim {flame, +Blink rElec rN+ Dex-2}
   (You found it on level 9 of the Dungeon)

   It has been specially enchanted to burn those struck by it, causing extra
   injury to most foes and up to half again as much damage against particularly
   susceptible opponents.
   Big, fiery blades are also staple armaments of hydra-hunters.
   It affects your dexterity (-2).
   It insulates you from electricity.
   It protects you from negative energy.
   It lets you blink.
Missiles
 c - 63 poisoned darts
 e - 531 stones (quivered)
 j - 338 arrows
 s - 122 sling bullets
 y - 217 bolts
 E - 12 boomerangs
 Z - a throwing net
Armour
 b - a +0 shield (worn)
 d - a +2 scale mail (worn)
 t - a +4 naga barding (worn)
 v - a +2 helmet (worn)
 R - a +2 pair of gloves (worn)
 T - a +0 cloak (worn)
Jewellery
 a - an uncursed ring of stealth
 g - a ring of positive energy (right hand)
 p - an amulet of the gourmand (around neck)
 G - a ring of resist corrosion (left hand)
Wands
 z - a wand of digging (16)
 K - a wand of enslavement (5)
 L - a wand of iceblast (7)
 S - a wand of acid (4)
 U - a wand of flame (2)
 W - a wand of paralysis (17)
Scrolls
 h - 2 scrolls of identify
 m - 3 scrolls of magic mapping
 n - 6 scrolls of teleportation
 o - 3 scrolls of enchant weapon
 u - a scroll of holy word
 w - 9 scrolls of remove curse
 x - a scroll of enchant armour
 D - a scroll of fog
 J - 4 scrolls of immolation
 O - a scroll of silence
 Y - a scroll of summoning
Potions
 k - a potion of brilliance
 l - 3 potions of magic
 r - 3 potions of flight
 A - 2 potions of cancellation
 B - 5 potions of haste {unknown}
 H - 3 potions of mutation
 Q - 2 potions of might
 X - 2 potions of berserk rage
Comestibles
 f - 19 rations


   Skills:
 - Level 9.4(8.5) Fighting
   Level 1.0(0.2) Maces & Flails
 + Level 6.5(5.6) Polearms
 - Level 1.0(0.2) Throwing
 - Level 6.2(5.4) Armour
 - Level 8.5(7.6) Dodging
 - Level 13.9(12.9) Stealth
 + Level 4.7(3.9) Shields
 - Level 2.0(1.2) Spellcasting
 - Level 2.0(1.2) Hexes
 - Level 2.0(1.2) Necromancy
 - Level 2.0(1.2) Translocations
 - Level 2.8(2.0) Evocations


You had 12 spell levels left.
You knew the following spells:

 Your Spells              Type           Power        Failure   Level  Hunger
a - Apportation           Tloc           #.....       77%         1    ##.....
s - Animate Skeleton      Necr           N/A          77%         1    ##.....
t - Confusing Touch       Hex            #.....       77%         1    ##.....

Your spell library contained the following spells:

 Spells                   Type           Power        Failure   Level  Hunger
 Blink                    Tloc           N/A          88%         2    ###....
 Summon Small Mammal      Summ           #...         91%         1    ##.....
 Shroud of Golubria       Chrm/Tloc      #.........   94%         2    ###....
 Gell's Gravitas          Tloc           #.........   98%         3    ####...
 Lesser Beckoning         Tloc           #.........   98%         3    ####...
 Teleport Other           Tloc           #.......     98%         3    ####...
 Passage of Golubria      Tloc           N/A          100%        4    #####..


Dungeon Overview and Level Annotations

Branches:
Dungeon (13/15)            Temple (1/1) D:4            Lair (0/6) D:10
    Orc (0/2) D:10
 Vaults: D:13-14

Altars:
Ashenzari
Cheibriados
Dithmenos
Elyvilon
Fedhas
Gozag
Hepliaklqana
Kikubaaqudgha
Makhleb
Nemelex Xobeh
Okawaru
Qazlal
Ru
Sif Muna
Trog
Uskayaw
Vehumet
Wu Jian
Xom
Yredelemnul
Zin
The Shining One
Beogh

Shops:
D:10 ?


Innate Abilities, Weirdness & Mutations

You cannot wear boots.
Your serpentine skin is tough. (AC +4)
You have supernaturally acute eyesight. (SInv)
Armour fits poorly on your strangely shaped body.
Your system is resistant to poisons. (rPois)
You cover ground very slowly.
You have a slow metabolism.
You can spit poison.
You are partially covered in yellow scales. (AC +2)
Your mind is acute. (Int +2)
You are resistant to electric shocks. (rElec)
You are weak. (Str -2)


Message History

Unknown command.
Unknown command.
You closely miss the meliai. You block the meliai's attack.
The meliai closely misses you. The meliai hits you but does no damage.
You block the meliai's attack. x2; The meliai stings you.
* * * LOW HITPOINT WARNING * * *
Xom is amused.
You are lethally poisoned!
The meliai poisons you!
Unknown command.
Unknown command.
You puncture the meliai!
You feel better.
The meliai is heavily wounded.
* * * LOW HITPOINT WARNING * * *
You feel sick. The meliai barely misses you.
The meliai stings you but does no damage.
The meliai invokes the aid of its god against you.
Something smites you!
You die...
Xom chuckles heartily!

####.....<....#
...'..........#
##...)......#
####)#######
#..# ##.## #..##
##..#
########@#######
#......yyy.....#
#......__.._...#
....#.#.#......#
#.._...........#
#...#.###[.....#
#..... .......#
###.# .....###
#. .....#


You could see 3 meliai.

Vanquished Creatures
  A yaktaur captain (D:13)
  Harold (D:8)
  2 hydras
  Erica (D:8)
  An unseen horror (D:9)
  Pikel (D:4)
  An ugly thing (D:12)
  A manticore (D:12)
  A moth of wrath (D:5)
  Maurice (D:8)
  Joseph (D:9)
  A centaur skeleton (D:12)
  2 yaktaurs (D:13)
  3 trolls
  2 hornets
  6 hippogriffs
  Sigmund (D:2)
  2 wyverns (D:9)
  5 yaks (D:12)
  2 wraiths
  2 vampire mosquitoes (D:12)
  Menkaure (D:4)
  Edmund (D:4)
  2 wargs
  Duvessa (D:5)
  3 slaves (D:4)
  A black bear (D:10)
  3 ice beasts
  2 sky beasts
  8 orc warriors
  3 phantoms
  3 necrophages
  6 ogres
  8 centaurs
  A crocodile (D:12)
  2 big kobolds
  Blork the orc (D:5)
  A gnoll sergeant (D:8)
  8 bullfrogs
  Dowan (D:5)
  3 scorpions
  9 killer bees
  10 wights
  2 electric eels (D:9)
  4 crimson imps
  6 orc priests
  3 quasits
  2 bullfrog zombies
  A jelly (D:6)
  3 bullfrog skeletons
  6 hounds
  7 orc wizards
  An iguana (D:4)
  10 worker ants
  A killer bee zombie (D:8)
  A hound skeleton (D:7)
  A howler monkey zombie (D:6)
  8 gnolls
  9 adders
  4 shadow imps
  2 oozes
  An adder skeleton (D:4)
  3 worms
  3 dart slugs
  6 leopard geckos
  46 orcs
  5 bats
  4 giant cockroaches
  6 goblins
  4 hobgoblins
  11 jackals
  15 kobolds
  2 quokkas (D:6)
  2 ball pythons
  3 frilled lizards
  A jackal skeleton (D:4)
  8 rats
307 creatures vanquished.

Vanquished Creatures (collateral kills)
  A hydra (D:12)
  A two-headed ogre (D:11)
  2 vampire mosquitoes (D:12)
  An ice beast (D:8)
  A crimson imp (D:12)
  2 hounds (D:9)
  2 orc wizards (D:9)
  A gnoll (D:8)
  A shadow imp (D:9)
  2 orcs (D:9)
14 creatures vanquished.

Vanquished Creatures (others)
  A slave (D:4)
  A killer bee (D:9)
  An orc priest (D:10)
  An orc (D:10)
  2 plants (D:13)
6 creatures vanquished.

Grand Total: 327 creatures vanquished

Notes
Turn   | Place    | Note
-------+----------+-------------------------------------------
     0 | D:1      | petercordiaNaga the Naga Wanderer began the quest for the
                  | Orb.
     0 | D:1      | petercordiaNaga set off with the following items: a +0
                  | dagger, a potion of lignification, 13 poisoned darts, a +2
                  | scale mail, a ration
     0 | D:1      | Reached XP level 1. HP: 18/18 MP: 1/1
   144 | D:1      | Reached skill level 2 in Stealth
   310 | D:1      | Reached XP level 2. HP: 25/25 MP: 2/2
   734 | D:1      | Reached XP level 3. HP: 31/31 MP: 3/3
  1131 | D:2      | Reached XP level 4. HP: 36/38 MP: 4/4
  1264 | D:2      | Noticed Sigmund
  1285 | D:2      | Killed Sigmund
  1285 | D:2      | Reached skill level 1 in Dodging
  1285 | D:2      | Reached skill level 4 in Stealth
  1285 | D:2      | Reached XP level 5. HP: 21/46 MP: 5/5
  1285 | D:2      | Reached XP level 6. HP: 26/55 MP: 6/6
  1920 | D:3      | Found a deep blue altar of Sif Muna.
  2363 | D:3      | Reached skill level 5 in Stealth
  2414 | D:4      | Noticed Menkaure
  2424 | D:4      | Killed Menkaure
  2424 | D:4      | Reached XP level 7. HP: 62/62 MP: 7/7
  2721 | D:4      | Noticed Edmund
  2795 | D:4      | Killed Edmund
  2795 | D:4      | Reached skill level 6 in Stealth
  3115 | D:4      | Found a staircase to the Ecumenical Temple.
  3129 | Temple   | Entered the Ecumenical Temple
  3276 | Temple   | Became a worshipper of Xom the Psychopath
  3403 | D:4      | Reached skill level 7 in Stealth
  3650 | D:4      | Found a glowing golden altar of the Shining One.
  3766 | D:4      | Reached XP level 8. HP: 64/73 MP: 8/8
  3857 | D:4      | Noticed Pikel
  3869 | D:4      | XOM: summons 7 friendly demons
  3872 | D:4      | XOM: divination: detect items
  3876 | D:4      | XOM: god gift: 2 golden potions {god gift}
  3881 | D:4      | Killed Pikel
  3881 | D:4      | Reached skill level 5 in Fighting
  3881 | D:4      | Reached skill level 8 in Stealth
  3966 | D:4      | XOM: god gift: 6 bolts
  4027 | D:4      | Found an ornate altar of the Wu Jian Council.
  4134 | D:5      | Entered Level 5 of the Dungeon
  4148 | D:5      | XOM: cleaving
  4165 | D:5      | Reached skill level 9 in Stealth
  4295 | D:4      | XOM: noise
  4384 | D:5      | Noticed Blork the orc
  4386 | D:5      | Gained mutation: You tend to lose your temper in combat.
                  | [potion of mutation]
  4386 | D:5      | Gained mutation: Your mind is acute. (Int +2) [potion of
                  | mutation]
  4401 | D:5      | Killed Blork the orc
  4582 | D:5      | XOM: enchant monster (bad)
  4584 | D:5      | Reached XP level 9. HP: 75/82 MP: 9/9
  4624 | D:5      | Learned a level 1 spell: Animate Skeleton
  4626 | D:5      | Learned a level 1 spell: Apportation
  4628 | D:5      | Learned a level 1 spell: Confusing Touch
  4660 | D:5      | XOM: medium Tloc miscast
  4731 | D:5      | Noticed a moth of wrath
  4731 | D:5      | Noticed Dowan
  4732 | D:5      | Noticed Duvessa
  4737 | D:5      | XOM: confuse monster(s)
  4749 | D:5      | Killed Duvessa
  4749 | D:5      | Reached skill level 5 in Dodging
  4752 | D:5      | XOM: god gift: 12 gold pieces
  4763 | D:5      | Killed Dowan
  4778 | D:5      | Killed a moth of wrath
  4778 | D:5      | Reached skill level 10 in Stealth
  4877 | D:5      | Found a bloodstained altar of Trog.
  4958 | D:5      | Found a sparkling altar of Nemelex Xobeh.
  5215 | D:6      | XOM: give mutations
  5215 | D:6      | Gained mutation: You are partially covered in yellow
                  | scales. (AC +2) [Xom's grace]
  5215 | D:6      | Gained mutation: You are somewhat resistant to further
                  | mutation. [Xom's grace]
  5264 | D:6      | XOM: divination: detect items
  5337 | D:6      | XOM: 2-stop teleportation journey
  5439 | D:6      | XOM: fog
  5701 | D:6      | Reached skill level 11 in Stealth
  6507 | D:7      | XOM: give mutations
  6507 | D:7      | Gained mutation: You are weak. (Str -2) [Xom's mischief]
  6654 | D:7      | Reached XP level 10. HP: 91/96 MP: 10/10
  6656 | D:7      | XOM: smoke on damage
  6993 | D:7      | XOM: god gift: crooked smoking staff {god gift}
  7206 | D:8      | Noticed Maurice
  7211 | D:8      | XOM: cast spell 'Discord'
  7221 | D:8      | Killed Maurice
  7221 | D:8      | Reached skill level 12 in Stealth
  7267 | D:8      | XOM: enchant monster (bad)
  7737 | D:8      | XOM: polymorph orc -> rat
  7819 | D:8      | XOM: give mutations
  7819 | D:8      | Gained mutation: You are resistant to electric shocks.
                  | (rElec) [Xom's grace]
  7819 | D:8      | Lost mutation: You are somewhat resistant to further
                  | mutation. [Xom's grace]
  7819 | D:8      | Gained mutation: You evolve. [Xom's grace]
  7819 | D:8      | Gained mutation: Your mind is very acute. (Int +4) [Xom's
                  | grace]
  7819 | D:8      | Lost mutation: You tend to lose your temper in combat.
                  | [Xom's grace]
  8013 | D:8      | XOM: fog
  8020 | D:8      | Reached skill level 5 in Armour
  8126 | D:8      | Found a sacrificial altar of Ru.
  8127 | D:8      | Noticed Erica
  8148 | D:8      | Killed Erica
  8386 | D:8      | Lost mutation: You evolve. [end of evolution]
  8524 | D:8      | XOM: give mutations
  8524 | D:8      | Gained mutation: You passively map a small area around you.
                  | [Xom's grace]
  8542 | D:8      | Noticed Harold
  8572 | D:8      | Killed Harold
  8572 | D:8      | Reached skill level 13 in Stealth
  8572 | D:8      | Reached skill level 1 in Spellcasting
  8572 | D:8      | Reached skill level 1 in Hexes
  8572 | D:8      | Reached skill level 1 in Necromancy
  8572 | D:8      | Reached skill level 1 in Translocations
  8916 | D:8      | XOM: god gift: scroll labeled NEQAAT CAJABIGO {god gift}
  8933 | D:9      | XOM: summons 6 friendly demons
  8940 | D:9      | Reached XP level 11. HP: 100/104 MP: 12/12
  8952 | D:9      | Found a transporter.
  8955 | D:9      | Noticed Joseph
  8959 | D:9      | XOM: summons 3 friendly demons
  8968 | D:9      | Killed Joseph
  8996 | D:9      | Noticed an unseen horror
  9009 | D:9      | Killed an unseen horror
  9087 | D:9      | Got a fine falchion
  9088 | D:9      | Identified the +1 falchion of Wuiqoadim {flame, +Blink
                  | rElec rN+ Dex-2} (You found it on level 9 of the Dungeon)
  9091 | D:9      | XOM: give mutations
  9091 | D:9      | Lost mutation: Your mind is very acute. (Int +4) [Xom's
                  | mischief]
  9091 | D:9      | Lost mutation: You passively map a small area around you.
                  | [Xom's mischief]
  9128 | D:9      | Found a transporter.
  9132 | D:9      | XOM: harmless Tloc miscast
  9293 | D:9      | XOM: destruction
  9295 | D:9      | XOM: fog
  9524 | D:9      | XOM: scenery: 1 doors close
  9533 | D:10     | Entered Level 10 of the Dungeon
  9757 | D:9      | XOM: polymorph jelly -> ooze
 10022 | D:9      | XOM: smoke on damage
 10023 | D:9      | XOM: polymorph crocodile -> ice beast
 10026 | D:9      | XOM: cast spell 'Disjunction'
 10332 | D:10     | Found a staircase to the Orcish Mines.
 10332 | D:10     | XOM: 1-stop teleportation journey
 10474 | D:9      | Reached skill level 1 in Evocations
 10569 | D:10     | XOM: confuse monster(s)
 10696 | D:5      | XOM: cloud trail
 10941 | D:10     | Found a staircase to the Lair.
 10945 | D:10     | XOM: destruction
 11274 | D:10     | Found Vasmetos's Magic Scroll Shoppe.
 11280 | D:10     | Bought a scroll of amnesia for 52 gold pieces
 11280 | D:10     | Bought a scroll of summoning for 142 gold pieces
 11286 | D:10     | Bought a scroll of remove curse for 45 gold pieces
 11302 | D:10     | Bought a scroll of holy word for 112 gold pieces
 11302 | D:10     | Bought a scroll of silence for 112 gold pieces
 11302 | D:10     | Bought a scroll of teleportation for 45 gold pieces
 11580 | D:10     | XOM: divination: detect items
 11582 | D:10     | XOM: god gift: runed wooden ring {god gift}
 11594 | D:10     | XOM: scenery: create altars
 11624 | D:10     | XOM: medium Chrm miscast
 11953 | D:11     | XOM: scenery: 1 doors close
 12128 | D:11     | Found a roughly hewn altar of Beogh.
 12136 | D:11     | XOM: confusion (+ monsters)
 12153 | D:11     | XOM: blink monster(s)
 12155 | D:11     | XOM: mild Fire miscast
 12500 | D:11     | XOM: enchant monster (bad)
 12731 | D:11     | XOM: summons 3 hostile shadow creatures
 12762 | D:11     | XOM: confusion (+ monsters)
 12772 | D:11     | XOM: silly message
 12904 | D:11     | XOM is BORED!
 12904 | D:11     | XOM: 4-stop teleportation journey
 12978 | D:11     | Noticed a two-headed ogre
 12989 | D:11     | Killed a two-headed ogre
 13008 | D:11     | Noticed an eight-headed hydra
 13111 | D:11     | Killed a one-headed hydra
 13168 | D:11     | XOM is BORED!
 13297 | D:11     | XOM: harmless Erth miscast
 13307 | D:11     | Noticed an unseen horror
 13314 | D:11     | an unseen horror changed into a hippogriff
 13314 | D:11     | XOM: polymorph unseen horror -> hippogriff
 13315 | D:11     | XOM: draining
 13453 | D:11     | XOM: summons 5 hostile demons
 14153 | D:12     | Noticed a manticore
 14165 | D:12     | Killed a manticore
 14165 | D:12     | Reached skill level 1 in Shields
 14165 | D:12     | Reached XP level 12. HP: 111/115 MP: 15/15
 14211 | D:12     | XOM: enchant monster (bad)
 14507 | D:12     | XOM: scenery: create altars
 14610 | D:12     | XOM: god gift: 15 stones
 14749 | D:12     | XOM: divination: magic mapping
 14836 | D:12     | XOM: summons 2 friendly demons
 14838 | D:12     | XOM: summons 4 friendly demons
 14857 | D:12     | XOM: cloud trail
 15120 | D:12     | XOM: summons friendly ufetubus
 15264 | D:12     | XOM: enchant monster (good)
 15380 | D:12     | XOM: cloud trail
 15397 | D:12     | XOM is BORED!
 15397 | D:12     | XOM: mild Tloc miscast
 15579 | D:12     | Reached skill level 5 in Polearms
 15585 | D:12     | XOM: confuse monster(s)
 15870 | D:12     | Noticed a six-headed hydra
 15886 | D:12     | HP: 4/115 [six-headed hydra (6)]
 16299 | D:12     | XOM: cast spell 'Summon Horrible Things'
 16303 | D:12     | Killed a six-headed hydra
 16679 | D:13     | Noticed a seven-headed hydra
 16690 | D:13     | XOM: cleaving
 16693 | D:13     | XOM: chaos upgrade
 16711 | D:13     | XOM: silly message
 16715 | D:13     | Killed a seven-headed hydra
 16809 | D:13     | Upgraded the game from 0.24-a0-335-g06ca16af6c to
                  | 0.24-a0-342-gad4687c37d
 16814 | D:13     | Noticed a yaktaur captain
 16817 | D:13     | XOM: scenery: 1 doors open, 1 doors close
 16840 | D:13     | XOM: cast spell 'Dispersal'
 16851 | D:13     | Killed a yaktaur captain
 17100 | D:13     | XOM: cast spell 'Leda's Liquefaction'
 17387 | D:13     | XOM: scenery: create altars
 17389 | D:13     | HP: 7/172 [meliai/+2 war axe of draining (4)]
 17390 | D:13     | HP: 2/172 [meliai/+2 war axe of draining (5)]
 17391 | D:13     | Killed from afar by a meliai

Levels and vault maps discovered:
D:1:      matt_arrival_diagonals, layout_loops_ring, minmay_misc_feat_room
D:2:      layout_loops_cross, serial_glass, glass_columns_b, glass_columns_a,
          glass_columns_c, glass_columns_c, roderic_three_in_a_row,
          minmay_vboxes, uniq_sigmund
D:3:      layout_basic, lemuel_crystal_altar, first_ration
D:4:      layout_gridville, tso_metal_star, overflow_temple_1_default,
          temple_hall, uniq_pikel, uniq_menkaure, uniq_edmund
D:5:      wad_lake_hut, layout_rooms, nicolae_overflow_hidden_temple, tgw_trog,
          uniq_blork_the_orc, uniq_duvessa
D:6:      layout_gridville, minmay_misc_feat_four_crosses,
          kennysheep_opposing_triangles
D:7:      layout_loops_corners
D:8:      layout_basic, lemuel_round_altar, uniq_erica, uniq_harold,
          uniq_maurice
D:9:      gammafunk_steamed_eel, layout_rooms, uniq_joseph
D:10:     layout_cave_pools, erik_lair_orcish_takeover, orc_0_dummy,
          serial_shops, shop_scrolls
D:11:     layout_roguey [special_room_orc]
D:12:     layout_stronghold
D:13:     layout_roguey, david_vaults_2, hangedman_ranch
          [blue_anna_fruit_fields], minmay_hidden_floor
Temple:   minmay_temple_bridge_d

Skill      XL: |  1  2  3  4  5  6  7  8  9 10 11 12 |
---------------+-------------------------------------+-----
Stealth        | 2 4 5 7 9 11 13 | 13.9
Armour         | 4 5 6 |  6.2
Fighting       | 2 3 4 6 7 8 9 |  9.4
Dodging        | 1 2 3 4 6 7 8 |  8.5
Spellcasting   | 1 2 |  2.0
Hexes          | 1 2 |  2.0
Necromancy     | 1 2 |  2.0
Translocations | 1 2 |  2.0
Evocations     | 2 |  2.8
Polearms       | 3 6 |  6.5
Shields        | 1 4 |  4.7
Maces & Flails | |  1.0
Throwing       | |  1.0

Action                   |  1- 3 |  4- 6 |  7- 9 | 10-12 || total
-------------------------+-------+-------+-------+-------++-------
Melee: Dagger            |    70 |       |       |    62 ||   132
       Short sword       |    34 |    91 |    78 |    66 ||   269
       Spear             |       |    21 |   118 |       ||   139
       Unarmed           |       |     5 |    16 |       ||    21
       Flail             |       |       |    89 |   158 ||   247
       Rapier            |       |       |   173 |       ||   173
       Trident           |       |       |     4 |   377 ||   381
       Falchion          |       |       |       |   368 ||   368
       War axe           |       |       |       |   100 ||   100
Throw: Throwing net      |       |       |       |     2 ||     2
       Dart              |       |       |       |    32 ||    32
       Boomerang         |       |       |       |     4 ||     4
       Stone             |       |       |       |     3 ||     3
 Abil: Spit Poison       |    11 |     5 |    21 |    59 ||    96
       Evoke Blink       |       |       |       |     9 ||     9
Evoke: Wand              |       |       |       |     4 ||     4
  Use: Potion            |       |     4 |     3 |     3 ||    10
       Scroll            |       |       |       |    16 ||    16
 Stab: Sleeping          |       |       |    10 |    20 ||    30
       Distracted        |       |       |     1 |     4 ||     5
       Confused          |       |       |     3 |     3 ||     6
       Held in net/web   |       |       |       |     2 ||     2
  Eat: Chunk             |    10 |     6 |    31 |    47 ||    94
Armor: Scale mail        |    73 |    78 |   360 |  1336 ||  1847
       Skin              |       |     6 |    14 |       ||    20
Dodge: Dodged            |    40 |    48 |   206 |   652 ||   946
Block: Shield            |       |       |       |   331 ||   331
       Rpst.: Falchion   |       |       |       |    63 ||    63

Table legend:
 A = Non-vault XP
 B = Vault XP
 C = Vault XP percentage of total XP
 D = Non-vault monster count
 E = Vault monster count
 F = Vault count percentage of total count
                 A         B        C        D         E       F
            +---------+---------+-------+---------+---------+-------
      Total |   18750 |    8046 |  30.0 |     259 |      60 |  18.8
            +---------+---------+-------+---------+---------+-------
        D:1 |      35 |       0 |   0.0 |      16 |       0 |   0.0
        D:2 |      48 |     284 |  85.5 |      16 |       5 |  23.8
        D:3 |     158 |       0 |   0.0 |      21 |       0 |   0.0
        D:4 |     399 |    1001 |  71.5 |      19 |       3 |  13.6
        D:5 |     445 |     798 |  64.2 |       9 |       9 |  50.0
        D:6 |     644 |     167 |  20.6 |      19 |       4 |  17.4
        D:7 |     918 |       0 |   0.0 |      25 |       0 |   0.0
        D:8 |    1870 |    2356 |  55.8 |      26 |       3 |  10.3
        D:9 |    2229 |     565 |  20.2 |      24 |       4 |  14.3
       D:10 |    1645 |     197 |  10.7 |      18 |       5 |  21.7
       D:11 |    3230 |     871 |  21.2 |      16 |      24 |  60.0
       D:12 |    5910 |       0 |   0.0 |      47 |       0 |   0.0
       D:13 |    1219 |    1807 |  59.7 |       3 |       3 |  50.0
            +---------+---------+-------+---------+---------+-------
